 Dungeon Crawl Stone Soup version 0.26-a0-710-g95a0c6c400 (webtiles) character file.

Game seed: 1641665887561108723

4 tzalcoatl the Caller (level 1, -2/14 HPs)
             Began as a Merfolk Summoner on Oct 30, 2020.
             Slain by a leopard gecko (4 damage)
             ... on level 1 of the Dungeon.
             The game lasted 00:02:30 (314 turns).

tzalcoatl the Caller (Merfolk Summoner)              Turns: 314, Time: 00:02:30

Health: -2/14      AC:  2    Str:  8    XL:     1   Next: 60%
Magic:  0/3        EV: 13    Int: 14    God:
Gold:   0          SH:  0    Dex: 14    Spells: 3/4 levels left

rFire    . . .     SeeInvis .   b - +0 dagger
rCold    . . .     Faith    .   (no shield)
rNeg     . . .     Spirit   .   a - +0 robe
rPois    .         Reflect  .   (no helmet)
rElec    .         Harm     .   (no cloak)
rCorr    .         Rampage  .   (no gloves)
MR       .....                  (no boots)
Stlth    ++........             (no amulet)
HPRegen  0.04/turn              (no ring)
MPRegen  0.08/turn              (no ring)

@: no status effects
A: change form in water, swift swim, stealthy swim
a: no special abilities


You were on level 1 of the Dungeon.
You visited 1 branch of the dungeon, and saw 1 of its levels.

Inventory:

Hand Weapons
 b - a +0 dagger (weapon)
Armour
 a - a +0 robe (worn)


   Skills:
 * Level 0.3 Fighting
 * Level 2.8 Dodging
 + Level 2.2 Stealth
 * Level 2.1 Spellcasting
 + Level 4.0 Summonings


You had 3 spell levels left.
You knew the following spells:

 Your Spells              Type           Power        Failure   Level
a - Summon Small Mammal   Summ           ##..         4%          1

Your spell library contained the following spells:

 Spells                   Type           Power        Failure   Level
 Call Imp                 Summ           ##......     7%          2
 Call Canine Familiar     Summ           ##......     14%         3
 Summon Guardian Golem    Hex/Summ       #.......     30%         3
 Summon Ice Beast         Ice/Summ       #.......     71%         4
 Summon Lightning Spire   Summ/Air       #.......     71%         4


Dungeon Overview and Level Annotations

Branches:
Dungeon (1/15)

Altars:


Message History

Your bat's corpse disappears in a puff of smoke!
Casting: Summon Small Mammal (safe; 4% risk of failure)
Confirm with . or Enter, or press ? or * to list all spells.
Your bat barely misses the hobgoblin.
Your bat barely misses the hobgoblin.
The leopard gecko barely misses your bat.
Your bat hits the hobgoblin but does no damage.
The hobgoblin hits your bat with a +0 club.
Your bat completely misses the hobgoblin.
Your bat hits the hobgoblin. The hobgoblin misses your bat.
Your bat closely misses the hobgoblin.
Your bat barely misses the leopard gecko.
Your bat hits the hobgoblin but does no damage.
Your bat closely misses the hobgoblin.
The hobgoblin hits your bat with a +0 club.
Your bat dies!
Your bat's corpse disappears in a puff of smoke!
The hobgoblin shouts!
The leopard gecko bites you.
You die...

.#.?#...######..#.########.#
.##l#.### ##..#..........#
......# #...#..#'''#♣.♣#
.##..## #.g§#÷♣#...# ......
#...#.♣#.♣.# .......
#...#⌠♣#...# ........
#...####''#### ........$
##..l##...#.<# ..........
##.@####.'..# .........##
#### ######


You could see a leopard gecko and a hobgoblin.

Vanquished Creatures
  A bat (D:1)
1 creature vanquished.

Vanquished Creatures (collateral kills)
  A dart slug (D:1)
  A giant cockroach (D:1)
  A kobold (D:1)
3 creatures vanquished.

Grand Total: 4 creatures vanquished

Notes
Turn   | Place    | Note
-------+----------+-------------------------------------------
     0 | D:1      | tzalcoatl the Merfolk Summoner began the quest for the Orb.
     0 | D:1      | Reached XP level 1. HP: 13/13 MP: 3/3
   314 | D:1      | Slain by a leopard gecko

Illustrated notes

Levels and vault maps discovered:
D:1:      sevenhm_arrival_forest_fort_small_3, layout_rooms

Action                   || total
-------------------------++-------
Melee: Dagger            ||     9
       Unarmed           ||     6
 Cast: Summon Small Mamm ||     9
Armor: Robe              ||     2
Dodge: Dodged            ||    15

Table legend: (Time is in decaauts)
 A = Elapsed time spent in this place.
 B = Non-inter-level travel time spent in this place.
 C = Inter-level travel time spent in this place.
 D = Time resting spent in this place.
 E = Time spent auto-exploring this place.
 F = Levels seen in this place.
 G = Mean time per level.
                   A        B        C        D        E       F      G
               +--------+--------+--------+--------+--------+-----+--------+
         Total |    313 |    313 |      0 |     20 |    205 |   1 |  313.0 |
       Dungeon |    313 |    313 |      0 |     20 |    205 |   1 |  313.0 |
               +--------+--------+--------+--------+--------+-----+--------+

Top non-repeatable levels by time:
     D:1: 313 daAuts
